 Dungeon Crawl Stone Soup version 0.30.0-19-g36f170ea60 (webtiles) character file.

Game seed: 6136981152821273530

65 GimliDwarf the Ruffian (level 3, -3/29 HPs)
             Began as a Draconian Transmuter on June 1, 2023.
             Slain by Terence
             ... wielding a +0 flail
              (11 damage)
             ... on level 2 of the Dungeon.
             The game lasted 00:05:25 (1542 turns).

GimliDwarf the Ruffian (Draconian Transmuter)       Turns: 1542, Time: 00:05:25

Health: -3/29      AC:  5    Str: 14    XL:     3   Next: 92%
Magic:  3/6        EV: 12    Int: 13    God:
Gold:   39         SH:  0    Dex: 11    Spells: 3/6 levels left

rFire   . .          .
                       - Unarmed
rCold   . . .        (no shield)
rNeg    . . .        (body armour unavailable)
rPois   .            (helmet currently unavailable)
rElec   .            (no cloak)
rCorr   .            (no gloves)
SInv    .            (boots currently unavailable)
Will    .....        c - amulet of the acrobat
Stlth   +            (no ring)
HPRegen 0.24/turn    (no ring)
MPRegen 0.10/turn

%: acrobat
@: appendages (expiring), wereblooded
A: horns 2, talons 2, AC +5, unfitting armour, cold-blooded
a: End Transformation


You were on level 2 of the Dungeon.
You had temporarily grown beastly horns and talons.
You visited 1 branch of the dungeon, and saw 2 of its levels.

You collected 39 gold pieces.

Inventory:

Jewellery
 c - an amulet of the acrobat (around neck)
Potions
 a - a potion of lignification
 b - a potion of attraction {unknown}
 d - a potion of resistance {unknown}
 e - 2 potions of haste {unknown}
 g - 2 potions of curing {unknown}


   Skills:
 * Level 2.0 Fighting
 * Level 2.4 Dodging
 + Level 3.8 Unarmed Combat
 + Level 2.2 Spellcasting
 + Level 2.1 Transmutations


You had 3 spell levels left.
You knew the following spells:

 Your Spells              Type           Power      Damage    Failure   Level
a - Beastly Appendage     Tmut           14%        N/A       11%         1
b - Wereblood             Tmut           7%         N/A       16%         2

Your spell library contained the following spells:

 Spells                   Type           Power      Damage    Failure   Level
 Spider Form              Tmut/Pois      4%         N/A       43%         3
 Ice Form                 Ice/Tmut       4%         N/A       85%         4


Dungeon Overview and Level Annotations

Branches:
Dungeon (2/15)

Altars:
Yredelemnul

Annotations:
D:2 Terence


Innate Abilities, Weirdness & Mutations

You have temporarily grown beastly horns and talons.
Your plain brown scales are hard. (AC +5)
You cannot fit into any form of body armour.
You are cold-blooded and may be slowed by cold attacks.


Message History

Terence and a hobgoblin come into view.
The hobgoblin shouts!
Casting: Beastly Appendage (safe; 11% risk of failure)
Press: ? - help, Q - select action, (/) - cycle Dir - look around, f - activate You grow a pair of large bovine horns.
Your feet morph into talons.
Terence shouts!
Casting: Beastly Appendage (safe; 11% risk of failure)
Confirm with . or Enter, or press ? or * to list all spells.
Your blood is infused with primal strength.
The hobgoblin hits you but does no damage.
You hit Terence. Your kick misses Terence.
Terence is moderately wounded.
Terence hits you but does no damage. The hobgoblin barely misses you.
You barely miss Terence. You headbutt Terence, but do no damage.
You tail-slap Terence, but do no damage.
Your punch misses Terence.
Terence is moderately wounded.
Terence barely misses you. The hobgoblin hits you.
You hit Terence but do no damage.
Terence is moderately wounded.
Terence hits you with a +0 flail. The hobgoblin closely misses you.
You closely miss Terence.
Terence is moderately wounded.
Terence hits you with a +0 flail!
The hobgoblin hits you but does no damage.
You barely miss the hobgoblin. You headbutt the hobgoblin.
The hobgoblin is moderately wounded.
Terence hits you with a +0 flail!
* * * LOW HITPOINT WARNING * * *
The hobgoblin closely misses you.
You hit Terence but do no damage.
Terence is moderately wounded.
Your transformation is almost over.
Terence closely misses you.
The hobgoblin hits you but does no damage.
You punch Terence! You claw Terence, but do no damage.
Your tail-slap misses Terence.
Terence is severely wounded.
Terence hits you with a +0 flail!
You die...

### ..# #.####
#####....# #######
#....@...#
..†...######.###@g..#
#............# #.#.##
#..##.###.#### #.#.#
#..##.# #.# ... .
#..##.# #.# ### #.
#..##.# #.# .#
#>.#..# #.# # ...#.##
#.#


You could see Terence and a hobgoblin.

Vanquished Creatures
  3 adders (D:2)
  5 endoplasms
  2 giant cockroaches (D:1)
  3 goblins
  4 hobgoblins
  3 jackals (D:1)
  A kobold (D:1)
  2 quokkas (D:1)
  2 ball pythons (D:1)
  2 bats (D:2)
  4 frilled lizards (D:1)
  4 rats
35 creatures vanquished.

Notes
Turn   | Place    | Note
-------+----------+-------------------------------------------
     0 | D:1      | GimliDwarf the Draconian Transmuter began the quest for the
                  | Orb.
     0 | D:1      | Reached XP level 1. HP: 16/16 MP: 3/3
   149 | D:1      | Reached XP level 2. HP: 11/23 MP: 3/5
   202 | D:1      | Learned a level 2 spell: Wereblood
   986 | D:2      | Reached XP level 3. HP: 25/29 MP: 2/6
  1126 | D:2      | Found a faded altar of an unknown god.
  1250 | D:2      | Found a basalt altar of Yredelemnul.
  1533 | D:2      | Noticed Terence
  1542 | D:2      | Slain by Terence

Illustrated notes

Levels and vault maps discovered:
D:1:      dpeg_arrival_three_bigger_balls, layout_basic
D:2:      layout_loops_ring, shapermc_ecumenical_altar_mp_ritualfount,
          basic_altar, due_unseen_surprise, uniq_terence

Skill      XL: |  1  2  3 |
---------------+----------+-----
Dodging        | 2 |  2.4
Fighting       | 2 |  2.0
Unarmed Combat | |  3.8
Spellcasting   | |  2.2
Transmutations | |  2.1

Action                     || total
---------------------------++-------
  Melee: Unarmed           ||    95
         Kick              ||    20
         Headbutt          ||     8
         Tailslap          ||     9
         Punch             ||     4
   Cast: Beastly Appendage ||    19
         Wereblood         ||     4
    Use: Scroll            ||     3
 Armour: Skin              ||    35
  Dodge: Dodged            ||    62
